 Dungeon Crawl Stone Soup version 0.28.0-53-g5a82cb258f (console) character file.

Game seed: 6365188372460893936

141 falsifian the Magician (level 5, -6/28 HPs)
             Began as a Deep Elf Hedge Wizard on June 3, 2022.
             Was a Follower of Yredelemnul.
             Killed from afar by an orc (34 damage)
             ... with a bolt of acid
             ... on level 3 of the Dungeon.
             The game lasted 00:19:12 (2359 turns).

falsifian the Magician (Deep Elf Hedge Wizard)      Turns: 2359, Time: 00:19:13

Health: -6/28      AC:  2    Str:  7    XL:     5   Next: 3%
Magic:  12/15      EV: 13    Int: 21    God:    Yredelemnul [*.....]
Gold:   65         SH:  0    Dex: 14    Spells: 0/16 levels left

rFire   . . .      SeeInvis .   a - +2 dagger (drain)
rCold   . . .      Faith    .   (no shield)
rNeg    . . .      Spirit   .   b - +0 robe
rPois   .          Reflect  .   c - +0 hat
rElec   .          Harm     .   (no cloak)
rCorr   .          Rampage  .   (no gloves)
Will    .....                   (no boots)
Stlth   ++........              (no amulet)
HPRegen 0.09/turn               (no ring)
MPRegen 0.14/turn               (no ring)

@: no status effects
A: no striking features
a: Renounce Religion, Recall Undead Harvest


You were on level 3 of the Dungeon.
You worshipped Yredelemnul.
Yredelemnul was noncommittal.
You visited 1 branch of the dungeon, and saw 3 of its levels.

You collected 65 gold pieces.

Inventory:

Hand Weapons
 a - a +2 dagger of draining (weapon)
 d - a +0 hunting sling
 g - a +0 short sword
 h - a +0 club
 k - a +0 dagger
Missiles
 i - 62 stones
Armour
 b - a +0 robe (worn)
 c - a +0 hat (worn)
 j - a +0 buckler
 t - a +0 leather armour
Magical Staves
 e - a staff of fire
Scrolls
 m - a scroll of fear {unknown}
 p - a scroll of vulnerability {unknown}
 r - 2 scrolls of enchant armour {unknown}
Potions
 f - 2 potions of degeneration
 l - 2 potions of attraction
 n - 2 potions of curing {unknown}
 o - a potion of magic {unknown}
 q - a potion of heal wounds {unknown}
 s - a potion of mutation {unknown}
 u - a potion of lignification {unknown}


   Skills:
 + Level 0.1 Fighting
 + Level 1.5 Short Blades
 + Level 2.9 Dodging
 + Level 3.0 Stealth
 + Level 6.3 Spellcasting
 + Level 2.0 Conjurations
 + Level 0.7 Hexes
 + Level 1.3 Summonings
 + Level 1.1 Translocations


You couldn't memorise any spells.
You knew the following spells:

 Your Spells              Type           Power      Damage    Failure   Level
a - Magic Dart            Conj           60%        1d6       4%          1
b - Blink                 Tloc           22%        N/A       9%          2
c - Call Imp              Summ           12%        N/A       9%          2
d - Slow                  Hex            36%        N/A       7%          1
e - Mephitic Cloud        Conj/Pois/Air  9%         N/A       22%         3
f - Conjure Flame         Conj/Fire      10%        6-21      19%         3
g - Cause Fear            Hex            4%         N/A       56%         4

Your spell library contained the following spells:

 Spells                   Type           Power      Damage    Failure   Level
 Dragon Form              Tmut           3%         N/A       100%        7
 Dragon's Call            Summ           6%         N/A       100%        9


Dungeon Overview and Level Annotations

Branches:
Dungeon (3/15)

Altars:
Yredelemnul

Annotations:
D:2 Sigmund


Message History

You start memorising the spell.
You continue memorising. x4
You finish memorising.
Spell assigned to 'g'.
You start resting.
HP restored.
You swap places.
You now have 65 gold pieces (gained 17).
You swap places.
You swap places.
You see here a +0 club.
You swap places.
You swap places.
u - a metallic puce potion You swap places.
You swap places.
You see here a +0 club.
You swap places.
You swap places.
You swap places.
A hobgoblin comes into view.
The magic dart hits the hobgoblin.
The hobgoblin is heavily wounded.
The magic dart hits the hobgoblin.
The hobgoblin is almost dead.
A bat comes into view.
The bat moves out of view.
You hit the hobgoblin but do no damage.
The hobgoblin is almost dead.
The hobgoblin completely misses you.
Your jackal zombie barely misses the hobgoblin.
You hit the hobgoblin but do no damage. You drain the hobgoblin.
You kill the hobgoblin!
The magic dart hits the bat.
You kill the bat!
You start resting.
An orc comes into view.
It is wielding a +0 dagger and carrying a wand of acid (12).
The magic dart hits the orc but does no damage.
The orc zaps a wand.
The bolt of acid hits you!!
Ouch! That really hurt!
You die...
Your body rises from the dead as a mindless zombie.

...# ...# ...# # ... #.### ..
....##o# ###.##....##.###
.......Z@.......
######Z.Z##.##. #Z###Z#.# #Z#
... ### #.###.### ###.##
##ZZ.#####. #....# ##........
##.#.#######.# ##Z#######
#....#.......# #.Z.#
###....#.# #...#
#..<.....####### #...####
#...............
.####Z..##Z###.......#.......
.........Z#Z####....##.......
.........###.................
#..........#Z###......#.......
#.####...##.## #.#.##.#.......
. #...#### #.#............
#...# #.#..#.######## #...#
#.##.#.# #######.## #.##.#.#
......#.## #......# #...Z###
#####.### ##...ZZ.####..Z...#
............##.###.........
...##......#.##.####.######.
.. #.............##.# .
...######.##.#.##.#
##########.##Z#.##.#
#Z.Z...##......#
#Z########..#### ###)### #.##


#.ZZZZ# #.# #..Z..# #.# #.....# #.# You could see an orc (ally target), a
friendly spectral endoplasm, 3 friendly jackal zombies, a friendly goblin zombie
and a friendly orc zombie.

Vanquished Creatures
  Natasha (thrice) (D:2)
  2 adders
  A dart slug (D:1)
  An orc (D:3)
  3 ball pythons
  4 endoplasms
  A giant cockroach (D:1)
  4 goblins
  3 hobgoblins
  3 jackals (D:3)
  3 kobolds
  2 quokkas
  3 bats
  3 frilled lizards
  6 rats
42 creatures vanquished.

Vanquished Creatures (collateral kills)
  A hobgoblin (D:1)
  2 ball pythons
  3 kobolds (D:1)
  A rat (D:1)
7 creatures vanquished.

Grand Total: 49 creatures vanquished

Notes
Turn   | Place    | Note
-------+----------+-------------------------------------------
     0 | D:1      | falsifian the Deep Elf Hedge Wizard began the quest for the
                  | Orb.
     0 | D:1      | Reached XP level 1. HP: 10/10 MP: 7/7
   301 | D:1      | Reached XP level 2. HP: 13/15 MP: 0/9
   304 | D:1      | Learned a level 2 spell: Blink
   307 | D:1      | Learned a level 2 spell: Call Imp
   309 | D:1      | Learned a level 1 spell: Slow
   517 | D:1      | Reached skill level 5 in Spellcasting
  1238 | D:2      | Reached XP level 3. HP: 18/18 MP: 8/11
  1364 | D:2      | Noticed Natasha
  1383 | D:2      | Killed Natasha
  1448 | D:2      | Found a faded altar of an unknown god.
  1511 | D:2      | Reached XP level 4. HP: 24/24 MP: 13/13
  1515 | D:2      | Learned a level 3 spell: Mephitic Cloud
  1519 | D:2      | Learned a level 3 spell: Conjure Flame
  1545 | D:2      | Noticed Natasha
  1830 | D:2      | Killed Natasha
  1831 | D:2      | Reached skill level 1 in Short Blades
  1849 | D:2      | Noticed Natasha
  1854 | D:2      | Killed Natasha
  1855 | D:2      | Reached skill level 6 in Spellcasting
  2045 | D:2      | Found a basalt altar of Yredelemnul.
  2077 | D:2      | Noticed Sigmund
  2104 | D:2      | Became a worshipper of Yredelemnul the Dark
  2280 | D:3      | Reached * piety under Yredelemnul
  2283 | D:3      | Reached XP level 5. HP: 26/28 MP: 15/15
  2290 | D:3      | Learned a level 4 spell: Cause Fear
  2359 | D:3      | Killed from afar by an orc

Illustrated notes

Levels and vault maps discovered:
D:1:      tarquinn_simple_flora_water_f, layout_rooms
D:2:      layout_rooms, basic_altar, hellmonk_ecumenical_altar_crossroads,
          uniq_natasha, uniq_sigmund
D:3:      layout_loops_cross

Skill      XL: |  1  2  3  4  5 |
---------------+----------------+-----
Spellcasting   | 5 6 |  6.3
Short Blades   | 1 |  1.5
Conjurations   | 2 |  2.0
Stealth        | 3 |  3.0
Fighting       | |  0.1
Dodging        | |  2.9
Hexes          | |  0.7
Summonings     | |  1.3
Translocations | |  1.1

Action                   |  1- 3 |  4- 6 || total
-------------------------+-------+-------++-------
Melee: Dagger            |    18 |    33 ||    51
       Club              |     2 |       ||     2
 Cast: Magic Dart        |    59 |    11 ||    70
       Call Imp          |     5 |     2 ||     7
       Slow              |     4 |     5 ||     9
       Blink             |     2 |     2 ||     4
       Mephitic Cloud    |       |     1 ||     1
  Use: Scroll            |     3 |     1 ||     4
 Stab: Sleeping          |     4 |     5 ||     9
Armor: Robe              |     4 |     3 ||     7
Dodge: Dodged            |    13 |     9 ||    22
